 Dungeon Crawl Stone Soup version 0.31.0 (webtiles) character file.

Game seed: 1385561426540158720

332 Fv001 the Chiller (level 6, -10/42 HPs)
             Began as a Merfolk Ice Elementalist on Jan 20, 2024.
             Mangled by a gnoll sergeant
             ... wielding a +1 spear of flaming
              (13 damage)
             ... on level 4 of the Dungeon.
             The game lasted 00:14:29 (3284 turns).

Fv001 the Chiller (Merfolk Ice Elementalist)        Turns: 3284, Time: 00:14:30

Health: -10/42     AC:  5    Str:  8    XL:     6   Next: 52%
Magic:  7/11       EV: 12    Int: 17    God:
Gold:   179        SH:  0    Dex: 14    Spells: 5/12 levels left

rFire   + . .        a - +1 dagger (freeze)
rCold   . . .        (no shield)
rNeg    . . .        k - +1 leather armour {rF+}
rPois   .            (no helmet)
rElec   .            i - +0 cloak
rCorr   .            (no gloves)
SInv    .            (no boots)
Will    .....        (no amulet)
Stlth   ++           (no ring)
HPRegen 0.27/turn    (no ring)
MPRegen 0.12/turn

%: no passive effects
@: no status effects
A: (nimble swimmer 2), mertail
a: no special abilities


You were on level 4 of the Dungeon.
You visited 1 branch of the dungeon, and saw 4 of its levels.
You also visited: Ossuary.

You collected 179 gold pieces.

Inventory:

Hand Weapons
 a - a +1 dagger of freezing (weapon)
 c - a +0 short sword
 o - a +0 rapier
Armour
 f - a +0 ring mail
 i - a +0 cloak (worn)
 k - a +1 leather armour of fire resistance (worn)
 p - a +0 buckler
Wands
 g - a wand of mindburst (15)
Scrolls
 e - 2 scrolls of teleportation {unknown}
 n - a scroll of revelation {unknown}
Potions
 b - 2 potions of magic
 d - a potion of experience
 h - a potion of brilliance {unknown}
 j - a potion of degeneration {unknown}
 l - 2 potions of might {unknown}
 m - a potion of enlightenment {unknown}


   Skills:
 + Level 0.5 Fighting
 + Level 0.9 Short Blades
 + Level 1.2 Armour
 + Level 3.4 Dodging
 + Level 3.0 Stealth
 + Level 3.5 Spellcasting
 + Level 1.1 Summonings
 + Level 6.1 Ice Magic


You had 5 spell levels left.
You knew the following spells:

 Your Spells              Type           Power      Damage    Failure   Level
a - Freeze                Ice            92%        1d9       1%          1
b - Frozen Ramparts       Ice            46%        1d7       5%          3
c - Summon Ice Beast      Ice/Summ       15%        N/A       16%         3

Your spell library contained the following spells:

 Spells                   Type           Power      Damage    Failure   Level
 Ozocubu's Armour         Ice            23%        N/A       5%          3


Dungeon Overview and Level Annotations

Branches:
Dungeon (4/15)            Ossuary (visited)
 Temple: D:4-7

Altars:
Uskayaw


Innate Abilities, Weirdness & Mutations

((You are very nimble when in or above water. (Stealth+, EV+, Speed+++)))
Your lower body shifts to a powerful aquatic tail in water.


Message History

The gnoll sergeant burns you.
The wall freezes the gnoll.
You kill the gnoll!
A gnoll sergeant is nearby!
Casting: Frozen Ramparts (dangerous; 5% risk of failure)
Confirm with . or Enter, or press ? or * to list all spells.
A chill wind blows around you.
The wall freezes the gnoll sergeant.
The gnoll sergeant hits you from afar with a +1 spear of flaming!
* * * LOW HITPOINT WARNING * * *
The gnoll sergeant burns you.
* * * LOW HITPOINT WARNING * * *
Aiming: Mindburst
Press: ? - help, Shift-Dir - straight line, f - gnoll sergeant
Aim: a gnoll sergeant, wielding a +1 spear of flaming and wearing a +0 ring mail (moderately wounded, ally target, chance to affect: 64%)
The gnoll sergeant's mind is blasted.
The wall freezes the gnoll sergeant.
The gnoll sergeant hits you from afar with a +1 spear of flaming!
* * * LOW HITPOINT WARNING * * *
The gnoll sergeant burns you.
* * * LOW HITPOINT WARNING * * *
The frozen ramparts melt away as you move.
The gnoll sergeant misses your ice beast.
Your ice beast hits the gnoll sergeant but does no damage.
The gnoll sergeant hits your ice beast with a +1 spear of flaming!
The gnoll sergeant melts your ice beast!
Your ice beast hits the gnoll sergeant but does no damage.
The gnoll sergeant barely misses your ice beast.
Your ice beast hits the gnoll sergeant but does no damage.
The gnoll sergeant hits your ice beast with a +1 spear of flaming.
The gnoll sergeant melts your ice beast.
Your ice beast dies!
Your ice beast disappears in a puff of smoke!
Aiming: Mindburst
Press: ? - help, Shift-Dir - straight line, f/p - gnoll sergeant
Aim: a gnoll sergeant, wielding a +1 spear of flaming and wearing a +0 ring mail (heavily wounded, unaware, hasn't noticed you, chance to affect: 64%)
The gnoll sergeant shouts!
The gnoll sergeant struggles to resist.
The gnoll sergeant attacks as it pursues you!
The gnoll sergeant barely misses you.
There is a stone staircase leading up here.
The gnoll sergeant hits you from afar with a +1 spear of flaming!
You die...

#≈≈#...#≈≈############ ####
#≈≈#).)#≈≈.(.......... ...#
#≈###)###≈.##.######## ...#
#≈##≈.≈##≈....#
>..#########≈≈≈≈.≈≈≈≈.##.#
......................##.#
...#########.##.g.....##.#######
...# #.##.......#........## ...#
#.##.@.....#.##+##...# .###
#.#####.#.##.#...#.... .#
#.#####......'...+..## .#######
#............#...#.### .#.....#
#.#######....#####.# # .#.###.#
#.# ##..........# # .#.###.# #.#
#.........##### .....#.# #.#
#.........##.## †###.#.#####.#
#.........#.#.#


You could see a gnoll sergeant.

Vanquished Creatures
  A bombardier beetle (D:4)
  A jelly (D:4)
  Crazy Yiuf (D:2)
  An iguana (D:4)
  7 gnolls
  6 adders
  A ribbon worm (D:3)
  A dart slug (D:3)
  5 orcs (D:3)
  3 ball pythons
  8 endoplasms
  A giant cockroach (D:2)
  5 goblins
  12 hobgoblins
  2 jackals (D:2)
  3 quokkas
  5 bats
  2 frilled lizards
  A gnoll zombie (Ossuary)
  7 kobolds
  2 orc zombies (Ossuary)
  4 rats
79 creatures vanquished.

Vanquished Creatures (collateral kills)
  A mummy (Ossuary)
  2 gnoll zombies (Ossuary)
  A hobgoblin zombie (Ossuary)
4 creatures vanquished.

Grand Total: 83 creatures vanquished

Notes
Turn   | Place    | Note
-------+----------+-------------------------------------------
     0 | D:1      | Fv001 the Merfolk Ice Elementalist began the quest for the
                  | Orb.
     0 | D:1      | Reached XP level 1. HP: 13/13 MP: 3/3
   143 | D:1      | Reached XP level 2. HP: 19/19 MP: 1/5
   381 | D:1      | Noticed a shining eye
   382 | D:1      | Found a faded altar of an unknown god.
   384 | D:1      | Noticed a glass eye
   386 | D:1      | Noticed a shining eye
   386 | D:1      | Noticed a golden eye
   686 | D:2      | Reached skill level 5 in Ice Magic
   686 | D:2      | Reached XP level 3. HP: 9/24 MP: 1/6
   690 | D:2      | Learned a level 3 spell: Frozen Ramparts
   777 | D:2      | Reached XP level 4. HP: 16/30 MP: 0/7
   794 | D:2      | Reached skill level 1 in Armour
   992 | D:2      | Learned a level 3 spell: Summon Ice Beast
  1244 | D:2      | Found a runed translucent door.
  1245 | D:2      | Noticed Crazy Yiuf
  1253 | D:2      | Killed Crazy Yiuf
  1440 | D:2      | Reached XP level 5. HP: 31/35 MP: 3/9
  2038 | D:3      | Noticed an ice beast
  2301 | D:4      | Found a sand-covered staircase.
  2307 | Ossuary  | Entered an ossuary
  2526 | D:4      | Reached XP level 6. HP: 41/42 MP: 5/11
  2614 | D:4      | Reached skill level 6 in Ice Magic
  2673 | D:4      | Found a hide-covered altar of Uskayaw.
  3271 | D:4      | Reached skill level 1 in Summonings
  3274 | D:4      | HP: 2/42 [gnoll sergeant/+1 spear of flaming (8)]
  3284 | D:4      | Mangled by a gnoll sergeant

Illustrated notes

Levels and vault maps discovered:
D:1:      erik_arrival_blinker_ship, layout_rooms,
          hellmonk_ecumenical_altar_watching_god
D:2:      layout_basic, reono_crystal_passage, uniq_crazy_yiuf_cottage
D:3:      layout_rooms
D:4:      layout_loops_ring, kennysheep_little_box, enter_ossuary_2,
          lightli_minifort

Skill      XL: |  1  2  3  4  5  6 |
---------------+-------------------+-----
Ice Magic      | 5 6 |  6.1
Armour         | 1 |  1.2
Dodging        | 3 |  3.4
Spellcasting   | 3 |  3.5
Summonings     | 1 |  1.1
Stealth        | 3 |  3.0
Fighting       | |  0.5
Short Blades   | |  0.9

Action                     |  1- 3 |  4- 6 || total
---------------------------+-------+-------++-------
  Melee: Short sword       |    23 |    56 ||    79
         Unarmed           |     1 |       ||     1
         Dagger            |       |    11 ||    11
         Punch             |       |     2 ||     2
   Cast: Freeze            |    29 |    60 ||    89
         Frozen Ramparts   |     2 |    10 ||    12
         Summon Ice Beast  |       |     3 ||     3
  Evoke: Wand              |       |     2 ||     2
    Use: Scroll            |     2 |     3 ||     5
   Stab: Sleeping          |     3 |     3 ||     6
 Armour: Robe              |    22 |     6 ||    28
         Leather armour    |       |    66 ||    66
  Dodge: Dodged            |    17 |    86 ||   103
